 Dungeon Crawl Stone Soup version 0.29.0-7-g18a832c13a (webtiles) character file.

Game seed: 7433496766764043090

140 robertstho the Poker (level 5, -1/33 HPs)
             Began as a Tengu Berserker on Aug 30, 2022.
             Was a Believer of Trog.
             Slain by a gnoll sergeant
             ... wielding a +0 spear
              (3 damage)
             ... on level 4 of the Dungeon.
             The game lasted 00:03:24 (2039 turns).

robertstho the Poker (Tengu Berserker)              Turns: 2039, Time: 00:03:26

Health: -1/33      AC:  5    Str: 22    XL:     5   Next: 22%
Magic:  6/6        EV: 15    Int:  7    God:    Trog [**....]
Gold:   114        SH:  0    Dex: 15    Spells: 4/4 levels left

rFire   . . .      SeeInvis .   i - +5 falchion (flame)
rCold   . . .      Faith    .   (no shield)
rNeg    . . .      Spirit   .   b - +0 animal skin
rPois   +          Reflect  .   (helmet restricted)
rElec   .          Harm     .   k - +2 cloak "Wekkilag" {-Cast rPois Str+4}
rCorr   .          Rampage  .   (no gloves)
Will    .....      NoCast   +   (boots unavailable)
Stlth   ++........              (no amulet)
HPRegen 0.11/turn               (no ring)
MPRegen 0.10/turn               (no ring)

@: mighty, brilliant, weak-willed, on berserk cooldown, flying quickly and
evasively, slowed, very slow
A: beak, talons 3, nimble flight
a: Renounce Religion, Berserk, Trog's Hand


You were on level 4 of the Dungeon.
You worshipped Trog.
Trog was pleased with you.
You visited 1 branch of the dungeon, and saw 4 of its levels.

You collected 114 gold pieces.

Inventory:

Hand Weapons
 a - a +0 spear
 i - a +5 falchion of flaming (weapon)
Armour
 b - a +0 animal skin (worn)
 k - the +2 cloak "Wekkilag" (worn) {-Cast rPois Str+4}
   (You acquired it on level 2 of the Dungeon)

   Str:       It affects your strength (+4).
   rPois:     It protects you from poison.
   -Cast:     It prevents spellcasting.
Wands
 s - a wand of light (7)
Scrolls
 g - a scroll of immolation
 l - a scroll of vulnerability
 n - a scroll of noise {unknown}
 p - a scroll of butterflies {unknown}
 q - a scroll of teleportation {unknown}
 r - a scroll of identify
 t - a scroll of magic mapping {unknown}
Potions
 c - a potion of mutation {unknown}
 d - a potion of attraction {unknown}
 e - a potion of might
 f - a potion of heal wounds {unknown}
 h - a potion of lignification
 j - a potion of curing {unknown}
 m - a potion of magic {unknown}
 o - a potion of brilliance
 u - a potion of flight {unknown}


   Skills:
 * Level 4.1 Fighting
 + Level 0.9 Long Blades
 + Level 4.5 Polearms
 * Level 2.9 Armour
 + Level 2.6 Dodging
 + Level 0.8 Stealth


You had 4 spell levels left.
You didn't know any spells.
Your spell library was empty.

Dungeon Overview and Level Annotations

Branches:
Dungeon (3/15)

Altars:


Innate Abilities, Weirdness & Mutations

You have a beak for a mouth.
You have claws for feet.
Your magical nature lets you fly swiftly and evasively.


Message History

Found 5 gold pieces.
The gnoll shouts!
You hear a shout!
A gnoll comes into view. It is wielding a +0 halberd.
The gnoll shouts!
You hear a shout!
A gnoll sergeant comes into view. It is wielding a +0 spear.
The gnoll hits you with a +0 flail.
A gnoll comes into view. It is wielding a +0 whip.
You hit the gnoll. You burn the gnoll. Your kick misses the gnoll.
The gnoll is moderately wounded.
The gnoll hits you with a +0 flail!
The gnoll sergeant hits you from afar with a +0 spear!
The gnoll barely misses you.
The gnoll sergeant hits you but does no damage.
A gnoll comes into view. It is wielding a +0 flail.
The gnoll hits you with a +0 flail. The gnoll closely misses you.
A red film seems to cover your vision as you go berserk!
You feel yourself moving faster!
You feel mighty! The gnoll misses you.
The gnoll hits you from afar with a +0 halberd.
* * * LOW HITPOINT WARNING * * *
The gnoll sergeant hits you from afar with a +0 spear.
* * * LOW HITPOINT WARNING * * *
You feel a strong urge to attack something.
You feel your anger nearly subside.
You are no longer berserk.
You are exhausted.
You feel yourself slow down.
A goblin comes into view. It is wielding a +0 dagger.
As you read the scroll labelled ARUJAO MATOH, it crumbles to dust.
The goblin shouts!
Magic quickly surges around you.
It was a scroll of vulnerability.
It was a potion of might.
You feel very mighty all of a sudden. The goblin barely misses you.
It was a potion of brilliance.
You feel clever all of a sudden.
The gnoll sergeant hits you from afar with a +0 spear.
* * * LOW HITPOINT WARNING * * *
The goblin barely misses you.
The gnoll sergeant hits you from afar with a +0 spear.
You die...

.....# #.#
...#.###### #.#
#.........# ### #.#
#.##.####.# ##.###.#
# #.##.# #.#
##.#.##.####.#.#
#+##.#
#.###.###.#g.......#
..# #....##
##gg...gg..# .##
#####.###.#g####.#.#
.. #.#@##.# ..
#g###.# ........
..##.###$# ... #.
#.. .. #. ### . #.
..


You could see a gnoll sergeant, 2 gnolls and a goblin (weak-willed).

Vanquished Creatures
  An iguana (D:4)
  Terence (D:2)
  Robin (D:2)
  An adder (D:2)
  An ufetubus (D:4)
  A worm (D:2)
  2 dart slugs
  An orc (D:4)
  4 ball pythons
  An endoplasm (D:1)
  5 goblins (D:2)
  9 hobgoblins
  3 jackals (D:2)
  9 quokkas
  3 bats (D:1)
  6 frilled lizards
  3 kobolds (D:1)
  3 rats
55 creatures vanquished.

Notes
Turn   | Place    | Note
-------+----------+-------------------------------------------
     0 | D:1      | robertstho the Tengu Berserker began the quest for the Orb.
     0 | D:1      | Reached XP level 1. HP: 14/14 MP: 2/2
    93 | D:1      | Reached XP level 2. HP: 4/19 MP: 3/3
   532 | D:1      | Found a faded altar of an unknown god.
   734 | D:1      | Reached XP level 3. HP: 23/23 MP: 4/4
   959 | D:2      | Noticed Terence
   963 | D:2      | Killed Terence
  1073 | D:2      | Reached ** piety under Trog
  1076 | D:2      | Reached XP level 4. HP: 15/29 MP: 5/5
  1084 | D:2      | Identified a scroll of acquirement
  1085 | D:2      | Acquired the +2 cloak "Wekkilag" {-Cast rPois Str+4}
  1491 | D:2      | Noticed Robin
  1504 | D:2      | Killed Robin
  1761 | D:3      | You fall into a shaft and drop 1 floor!
  1777 | D:4      | Gained mutation: Your magical nature lets you fly swiftly
                  | and evasively. [Tengu growth]
  1777 | D:4      | Reached XP level 5. HP: 33/33 MP: 6/6
  1914 | D:4      | Identified the +3 scale mail of the Earth {Rampage Str+4
                  | Dex-4}
  2039 | D:4      | Slain by a gnoll sergeant

Illustrated notes

Levels and vault maps discovered:
D:1:      erik_arrival_cave_to_civilisation [erik_arrival_cave_to_hall],
          layout_rooms, hellmonk_ecumenical_altar_blasted, minivault_11
D:2:      layout_loops_ring, minmay_tall_x, uniq_terence, uniq_robin
D:3:      layout_rooms, serial_shops, nicolae_square_shop, nicolae_shop_stone,
          nicolae_shop_behind_doors, shop
D:4:      layout_loops_corners, minitemple, biasface_ghost_orc_armoury,
          serial_shops, nicolae_lakefront_shop, nicolae_shop_fire_sale
          [nicolae_sub_dead_trees]

Skill      XL: |  1  2  3  4 |
---------------+-------------+-----
Polearms       | 4 |  4.5
Fighting       | 4 |  4.1
Long Blades    | |  0.9
Armour         | |  2.9
Dodging        | |  2.6
Stealth        | |  0.8

Action                   |  1- 3 |  4- 6 || total
-------------------------+-------+-------++-------
Melee: Spear             |    55 |       ||    55
       Kick              |     9 |     7 ||    16
       Peck              |     4 |     7 ||    11
       Falchion          |     7 |    45 ||    52
Invok: Berserk           |     2 |     2 ||     4
  Use: Scroll            |     2 |     3 ||     5
       Potion            |       |     2 ||     2
 Stab: Sleeping          |     3 |       ||     3
Armor: Animal skin       |     5 |    18 ||    23
Dodge: Dodged            |    27 |    35 ||    62
